AoeStats
← Blazing Cartesia, The Virtuous

Arabia

510580053Analyzed
1v1 RM · 23h ago on Oct 1, 2026· 45m 11s· 2 players
Game mode
Random Map
Map size
Tiny (2 player)
Population
200
Speed
Normal
Resources
Standard
Victory
Conquest
Starting age
Dark Age
Ending age
Imperial Age
RankedLock teamsTeams togetherTeam positionsShared explorationLock speedFull tech treeHidden civsTurbo modeCheats
Victory
Defeat
1304
+15
🇨🇴 Saracens · Colombia
1287
-15
ofespinelman
6:44 Loom
9:20 Feudal Age
19:26 Forging
20:21 Scale Barding Armor
24:43 Castle Age
23:41 Bloodlines
24:51 Wheelbarrow
24:59 Horse Collar
25:46 Husbandry
30:20 Chain Barding Armor
32:27 Fletching
34:43 Stone Mining
34:43 Gold Mining
39:31 Imperial Age
36:35 Crossbowman
37:53 Thumb Ring
38:13 Bodkin Arrow
38:19 Padded Archer Armor
41:31 Arbalester
43:03 Ballistics
43:59 Padded Archer Armor
Blazing Cartesia, The Virtuous
5:08 Loom
6:04 Loom
9:07 Feudal Age
11:59 Horse Collar
14:32 Double-Bit Axe
17:26 Fletching
23:07 Castle Age
21:25 Gold Mining
24:03 Bow Saw
25:00 Bloodlines
24:59 Heavy Plow
25:26 Husbandry
25:33 Bodkin Arrow
26:19 Pikeman
27:26 Scale Mail Armor
32:06 Wheelbarrow
32:32 Ballistics
32:44 Parthian Tactics
32:32 Squires
36:18 Chain Mail Armor
36:04 Padded Archer Armor
37:37 Hand Cart
37:17 Elite Skirmisher
44:07 Imperial Age
43:15 Town Watch
45:57 Leather Archer Armor
45:55 Forging
Connection lost

Rejoining the realm…

Still unreachable

The connection could not be restored.

Session expired

The server has moved on; the page needs a fresh start.